[Event "Titled Tuesday Blitz June 27 Early 2023"]
[White "Lazavik, Denis"]
[Black "Demchenko, Anton"]
[WhiteFideId "13515110"]
[BlackFideId "4160258"]
[WhiteElo "3037"]
[BlackElo "2915"]
[Result "1/2-1/2"]
[Round "5"]
[TimeControl "180+2"]
[Date "2023.06.27"]
[WhiteClock "0:00:23"]
[BlackClock "0:00:15"]
[Board "2"]

1. d4 Nf6 2. c4 d6 3. Nf3 Nc6 4. g3 e5 5. Bg2 Be7 6. Nc3 O-O 7. O-O h6 8. h3 a5 9. e4 Re8 10. Be3 Bd7 11. Qc2 Qc8 12. Kh2 Nh7 13. d5 Nb4 14. Qd2 f5 15. c5 fxe4 16. Nxe4 Bf5 17. Ng1 Nf6 18. Nxf6+ Bxf6 19. cxd6 cxd6 20. Rac1 Qd7 21. a3 Nd3 22. Rc4 e4 23. b3 Qb5 24. Qc2 Qxd5 25. Ne2 Qf7 26. Nd4 Bg6 27. Nb5 Rad8 28. Bb6 Rd7 29. Bxa5 d5 30. Rc8 h5 31. Bb6 Be5 32. Bd4 Bxd4 33. Nxd4 Rxc8 34. Qxc8+ Kh7 35. h4 Rc7 36. Qd8 Rd7 37. Qc8 Rc7 38. Qd8 Rd7 39. Qc8 1/2-1/2


[Site "https://www.chess.com"]

[Event "Titled Tuesday Blitz June 27 Early 2023"]
[White "Paravyan, David"]
[Black "Makhnev, Denis"]
[WhiteFideId "4194985"]
[BlackFideId "13707647"]
[WhiteElo "3003"]
[BlackElo "2904"]
[Result "0-1"]
[Round "5"]
[TimeControl "180+2"]
[Date "2023.06.27"]
[WhiteClock "0:00:06"]
[BlackClock "0:00:07"]
[Board "3"]

1. e4 e5 2. Nf3 Nc6 3. Bb5 a6 4. Ba4 Nf6 5. O-O Be7 6. Re1 b5 7. Bb3 O-O 8. a4 Bb7 9. d3 d6 10. Bd2 h6 11. h3 Qd7 12. Nc3 Na5 13. Bd5 c6 14. Ba2 b4 15. Ne2 c5 16. Ng3 Rfe8 17. Nh4 b3 18. cxb3 Nc6 19. Nhf5 a5 20. Qf3 Bd8 21. Nh5 Nd4 22. Nxd4 exd4 23. Nxf6+ Bxf6 24. Bxh6 d5 25. b4 dxe4 26. dxe4 axb4 27. Bc4 Rxa4 28. Rxa4 Qxa4 29. Qf5 Qc6 30. Bf4 Rxe4 31. Rxe4 Qxe4 32. Qg4 d3 33. b3 Qe1+ 34. Kh2 d2 35. Be2 Qxf2 36. Bxd2 Be5+ 37. Kh1 Bd4 38. Kh2 Qg1+ 39. Kg3 Qxg2+ 40. Kh4 Qf2+ 41. Kh5 g6+ 42. Kg5 Qf6+ 43. Kh6 Qe7 44. Qxg6+ fxg6 45. Bc4+ Qf7 46. Bxf7+ Kxf7 47. h4 Bd5 48. h5 gxh5 49. Kxh5 Bxb3 50. Kg4 Ke6 51. Kf3 Kd5 0-1


[Site "https://www.chess.com"]

[Event "Titled Tuesday Blitz June 27 Early 2023"]
[White "Nogerbek, Kazybek"]
[Black "Narayanan.S.L"]
[WhiteFideId "13710427"]
[BlackFideId "5058422"]
[WhiteElo "2903"]
[BlackElo "2999"]
[Result "1-0"]
[Round "5"]
[TimeControl "180+2"]
[Date "2023.06.27"]
[WhiteClock "0:00:29"]
[BlackClock "0:01:14"]
[Board "4"]

1. d4 Nf6 2. c4 c5 3. d5 e5 4. Nc3 d6 5. e4 Be7 6. Be2 O-O 7. Nf3 Nbd7 8. a3 Ne8 9. b4 g6 10. Be3 b6 11. Nd2 f5 12. f3 Bg5 13. Bf2 Nef6 14. Qc2 Nh5 15. g3 Bb7 16. exf5 gxf5 17. f4 Nxf4 18. gxf4 Bxf4 19. Rg1+ Kh8 20. b5 e4 21. Bg3 Be3 22. O-O-O Ne5 23. Bxe5+ dxe5 24. Rgf1 Qg5 25. Kb1 Rf6 26. Ndxe4 fxe4 27. Nxe4 Rxf1 28. Nxg5 Rxd1+ 29. Qxd1 Bxg5 30. Bd3 h6 31. Qh5 Rg8 32. h4 Bf4 33. Qf7 Rg7 34. Qf8+ Rg8 35. Qf6+ Rg7 36. d6 Bc8 37. d7 Bxd7 38. Qd8+ Rg8 39. Qxd7 Rg1+ 40. Kc2 Rg2+ 41. Kb3 Rg7 42. Qe8+ Rg8 43. Qf7 Rg7 44. Qf8+ Rg8 45. Qf5 Rg7 46. a4 Kg8 47. Be4 Re7 48. Qf6 Rg7 49. Bd5+ Kh7 50. Be4+ Kg8 51. Qe6+ Kf8 52. Bg6 h5 53. Qe8# 1-0


[Site "https://www.chess.com"]

[Event "Titled Tuesday Blitz June 27 Early 2023"]
[White "Ibarra Jerez, Jose Carlos"]
[Black "Hakobyan, Aram"]
[WhiteFideId "2226332"]
[BlackFideId "13306677"]
[WhiteElo "2891"]
[BlackElo "2997"]
[Result "0-1"]
[Round "5"]
[TimeControl "180+2"]
[Date "2023.06.27"]
[WhiteClock "0:00:00"]
[BlackClock "0:00:03"]
[Board "5"]

1. e4 c5 2. Nf3 d6 3. c3 Nf6 4. h3 Bd7 5. Bd3 g6 6. Bc2 Bc6 7. Qe2 Bg7 8. O-O O-O 9. d4 cxd4 10. cxd4 d5 11. e5 Ne4 12. Nbd2 Nxd2 13. Bxd2 Qd7 14. Rfe1 Na6 15. Qe3 Nc7 16. Qf4 Ne6 17. Qh4 f5 18. Ng5 Nxg5 19. Bxg5 e6 20. Rac1 Rac8 21. Bh6 Bxh6 22. Qxh6 Qg7 23. Qxg7+ Kxg7 24. Bd3 Bd7 25. f4 h6 26. h4 h5 27. Kf2 Rxc1 28. Rxc1 Rc8 29. Ra1 a6 30. Ke3 Kf7 31. Kd2 Ke7 32. Rh1 a5 33. Rh3 Rc7 34. Rg3 Be8 35. Be2 b5 36. a3 Kd8 37. Rb3 Rb7 38. Rc3 b4 39. Re3 Ba4 40. Ke1 Bd7 41. Bd1 bxa3 42. bxa3 Rb1 43. Kd2 Rb2+ 44. Bc2 Ba4 45. Rc3 Ra2 46. Kc1 Bxc2 47. Rxc2 Rxa3 48. Rc6 Kd7 49. Rd6+ Ke7 50. Ra6 Ra4 51. Ra7+ Kf8 52. Ra8+ Ke7 53. Ra7+ Ke8 54. Ra8+ Kd7 55. Ra7+ Kd8 56. Ra8+ Kc7 57. Ra7+ Kb6 58. Re7 Rxd4 59. Rxe6+ Kc5 60. g3 a4 61. Rxg6 Rc4+ 62. Kb2 d4 63. Rd6 Rc3 64. Rd8 Rxg3 65. e6 Re3 66. Re8 Kd5 67. Rh8 Rxe6 68. Rxh5 Ke4 69. Rh6 Rxh6 0-1


[Site "https://www.chess.com"]

[Event "Titled Tuesday Blitz June 27 Early 2023"]
[White "Andreikin, Dmitry"]
[Black "Erdogmus, Yagiz Kaan"]
[WhiteFideId "4158814"]
[BlackFideId "44599790"]
[WhiteElo "2995"]
[BlackElo "2858"]
[Result "1-0"]
[Round "5"]
[TimeControl "180+2"]
[Date "2023.06.27"]
[WhiteClock "0:01:08"]
[BlackClock "0:00:04"]
[Board "6"]

1. e4 c5 2. Nc3 e6 3. Nge2 Nc6 4. g3 d5 5. exd5 exd5 6. d4 Nf6 7. Bg2 cxd4 8. Nxd4 Bg4 9. Qd3 Bc5 10. Be3 Qb6 11. h3 Bxd4 12. Bxd4 Qxd4 13. hxg4 Qxd3 14. cxd3 Nxg4 15. Nxd5 O-O-O 16. Rc1 Kb8 17. O-O h5 18. Rfe1 h4 19. Ne7 Nd4 20. gxh4 Rxh4 21. Re4 Nf6 22. Re5 Rg4 23. Kf1 Ne6 24. Rb5 Rxg2 25. Nc6+ Ka8 26. Nxd8 1-0


[Site "https://www.chess.com"]

[Event "Titled Tuesday Blitz June 27 Early 2023"]
[White "Kravtsiv, Martyn"]
[Black "Van Foreest, Jorden"]
[WhiteFideId "14113147"]
[BlackFideId "1039784"]
[WhiteElo "2841"]
[BlackElo "2982"]
[Result "1/2-1/2"]
[Round "5"]
[TimeControl "180+2"]
[Date "2023.06.27"]
[WhiteClock "0:00:31"]
[BlackClock "0:00:35"]
[Board "7"]

1. e4 c6 2. Nf3 d5 3. d3 dxe4 4. dxe4 Qxd1+ 5. Kxd1 Nf6 6. Nbd2 g6 7. Ne5 Bg7 8. Nd3 O-O 9. c3 b6 10. f3 c5 11. Kc2 Nc6 12. b3 Ne8 13. Bb2 Nd6 14. Nf4 f5 15. exf5 Bxf5+ 16. Bd3 c4 17. Nxc4 Nxc4 18. bxc4 Rac8 19. Rae1 Bd7 20. Ne6 Bxe6 21. Rxe6 Bf6 22. c5 Nd8 23. Re4 Rxc5 24. Rd1 Nb7 25. Rc4 Rfc8 26. Rxc5 Rxc5 27. Be4 Nd6 28. Bd5+ Kf8 29. Rd3 Nb5 30. Bb3 h5 31. Ba4 Nd6 32. Ba3 Ra5 33. Bxd6 exd6 34. Bb3 Ke7 35. Rd5 Rc5 36. Rxc5 dxc5 37. a4 g5 38. Kd3 Be5 39. g3 Kf6 40. Bd5 Bd6 41. Ke4 a6 42. c4 a5 43. Bb7 h4 44. f4 hxg3 45. hxg3 gxf4 46. gxf4 Bc7 47. f5 Bg3 48. Bd5 1/2-1/2


[Site "https://www.chess.com"]

[Event "Titled Tuesday Blitz June 27 Early 2023"]
[White "Nguyen, Ngoc Truong Son"]
[Black "Horvath, Dominik"]
[WhiteFideId "12401110"]
[BlackFideId "1642561"]
[WhiteElo "2971"]
[BlackElo "2832"]
[Result "0-1"]
[Round "5"]
[TimeControl "180+2"]
[Date "2023.06.27"]
[WhiteClock "0:00:01"]
[BlackClock "0:00:13"]
[Board "8"]

1. d4 Nf6 2. c4 e6 3. Nf3 d5 4. g3 dxc4 5. Bg2 Nbd7 6. Qa4 a6 7. Qxc4 b5 8. Qc2 Bb7 9. Nc3 c5 10. O-O cxd4 11. Nxd4 Bxg2 12. Kxg2 Bc5 13. Nf3 O-O 14. Bf4 Rc8 15. Rad1 Qb6 16. Qb1 h6 17. h3 Rfd8 18. Rd3 Nf8 19. Be3 Bxe3 20. Rxe3 Ng6 21. Rd3 Qb7 22. Rfd1 Rxd3 23. Qxd3 b4 24. Na4 Nd5 25. Qd2 Ne5 26. Rc1 Nc4 27. Qe1 Qc6 28. e4 Nce3+ 29. fxe3 Nxe3+ 30. Qxe3 Qxc1 31. Qxc1 Rxc1 32. Nd4 Ra1 33. Kf3 Rxa2 34. b3 Kf8 35. h4 h5 36. Ke3 g6 37. Nc6 Rg2 38. Nc5 Rxg3+ 39. Kd4 g5 40. hxg5 h4 41. Nd3 h3 42. Nf2 Rxb3 43. Ne5 h2 44. Neg4 Rh3 0-1


[Site "https://www.chess.com"]

[Event "Titled Tuesday Blitz June 27 Early 2023"]
[White "De Silva, L M S T"]
[Black "Indjic, Aleksandar"]
[WhiteFideId "9953698"]
[BlackFideId "911925"]
[WhiteElo "2731"]
[BlackElo "2948"]
[Result "1/2-1/2"]
[Round "5"]
[TimeControl "180+2"]
[Date "2023.06.27"]
[WhiteClock "0:00:26"]
[BlackClock "0:01:37"]
[Board "9"]

1. e4 e5 2. Nf3 Nc6 3. Bb5 Bc5 4. O-O d6 5. c3 a6 6. Ba4 Ba7 7. d4 Bd7 8. Be3 Nf6 9. dxe5 Nxe5 10. Bxa7 Rxa7 11. Bxd7+ Qxd7 12. Nbd2 O-O 13. Nxe5 dxe5 14. Nc4 Qe6 15. Qe2 Raa8 16. f3 Rad8 17. Rfd1 b5 18. Ne3 g6 19. a4 Qb6 20. axb5 axb5 21. Qf2 c6 22. Ng4 Rxd1+ 23. Rxd1 Qxf2+ 24. Nxf2 Ra8 25. Nd3 Rd8 26. Kf1 Rd6 27. Ke2 Nd7 1/2-1/2


[Site "https://www.chess.com"]

[Event "Titled Tuesday Blitz June 27 Early 2023"]
[White "Preotu, Razvan"]
[Black "Durarbayli, Vasif"]
[WhiteFideId "2613280"]
[BlackFideId "13402935"]
[WhiteElo "2726"]
[BlackElo "2921"]
[Result "0-1"]
[Round "5"]
[TimeControl "180+2"]
[Date "2023.06.27"]
[WhiteClock "0:00:00"]
[BlackClock "0:00:12"]
[Board "10"]

1. e4 e5 2. Nf3 Nc6 3. Bc4 Nf6 4. d3 Bc5 5. O-O O-O 6. c3 d6 7. Re1 a6 8. a4 h6 9. h3 Re8 10. b4 Ba7 11. Nbd2 Ne7 12. d4 exd4 13. cxd4 d5 14. e5 dxc4 15. exf6 Nd5 16. fxg7 c3 17. Ne4 Bf5 18. Ng3 Rxe1+ 19. Qxe1 Bh7 20. Bxh6 Qd6 21. Bg5 c2 22. Rc1 Qxb4 23. Qe5 Qd6 24. Nh5 Qxe5 25. dxe5 b5 26. Nh2 Bg6 27. Nf6+ Nxf6 28. Bxf6 b4 29. Ng4 Bd4 30. Nh6+ Kh7 31. g8=Q+ Rxg8 32. Nxg8 Kxg8 0-1


[Site "https://www.chess.com"]

[Event "Titled Tuesday Blitz June 27 Early 2023"]
[White "Nakamura, Hikaru"]
[Black "Ter-Sahakyan, Samvel"]
[WhiteFideId "2016192"]
[BlackFideId "13302531"]
[WhiteElo "3248"]
[BlackElo "2899"]
[Result "1-0"]
[Round "5"]
[TimeControl "180+2"]
[Date "2023.06.27"]
[WhiteClock "0:00:21"]
[BlackClock "0:00:00"]
[Board "11"]

1. e4 c5 2. Nf3 d6 3. c3 Nf6 4. h3 g6 5. Bd3 Bg7 6. O-O O-O 7. Bc2 e5 8. Re1 Nc6 9. d3 Re8 10. Nbd2 h6 11. a3 d5 12. b4 a6 13. bxc5 dxe4 14. dxe4 Be6 15. Bb3 Na5 16. Bxe6 Rxe6 17. a4 Bf8 18. Ba3 Nd7 19. Bb4 Nxc5 20. Qe2 Qc7 21. Nf1 Nc6 22. Ne3 Rd8 23. Nd5 Qc8 24. Nh2 Kg7 25. Ng4 h5 26. Nh2 Ne7 27. c4 Nc6 28. Bc3 Nb3 29. Rab1 Nbd4 30. Qb2 Rd7 31. Nb6 Qd8 32. Nxd7 Qxd7 33. Red1 Rd6 34. Kh1 Qe6 35. Rbc1 Rd7 36. Rd3 Bc5 37. Nf3 a5 38. Bxd4 exd4 39. e5 b6 40. Qe2 Nb4 41. Rd2 d3 42. Qe4 Qc6 43. Qf4 Qe6 44. Ng5 Qf5 45. Qxf5 gxf5 46. e6 fxe6 47. Nxe6+ Kf6 48. Nf4 Kg5 49. g3 h4 50. Kg2 hxg3 51. Ne6+ Kf6 52. Nxc5 bxc5 53. Kxg3 Rd4 54. f4 Re4 55. Kf3 Re8 56. h4 Rh8 57. Rh1 Kg6 58. h5+ Kh6 59. Rg2 Rd8 60. Rhg1 Nc6 61. Rg6+ 1-0


[Site "https://www.chess.com"]

[Event "Titled Tuesday Blitz June 27 Early 2023"]
[White "Firouzja, Alireza"]
[Black "Zhigalko, Sergei"]
[WhiteFideId "12573981"]
[BlackFideId "13502956"]
[WhiteElo "3123"]
[BlackElo "2887"]
[Result "1-0"]
[Round "5"]
[TimeControl "180+2"]
[Date "2023.06.27"]
[WhiteClock "0:01:47"]
[BlackClock "0:00:19"]
[Board "12"]

1. d4 Nf6 2. Bg5 d5 3. e3 Nbd7 4. c4 e6 5. cxd5 exd5 6. Nc3 Be7 7. Bd3 O-O 8. h3 Re8 9. Nf3 c6 10. Bf4 Bf8 11. Qc2 g6 12. O-O Bg7 13. b4 Qe7 14. b5 c5 15. a4 c4 16. Be2 Nf8 17. Bg5 Bf5 18. Qb2 Rad8 19. Ne5 h6 20. Bxf6 Bxf6 21. f4 Rd6 22. Bf3 Red8 23. g4 Bc8 24. Qg2 Qe6 25. Rae1 Bxe5 26. fxe5 R6d7 27. Qg3 Qe7 28. Bg2 Qa3 29. Rc1 Ne6 30. Qh4 Kh7 31. Qf6 Ng5 32. h4 Ne4 33. Bxe4 dxe4 34. h5 Rg8 35. g5 gxh5 36. Qxh6# 1-0


[Site "https://www.chess.com"]

[Event "Titled Tuesday Blitz June 27 Early 2023"]
[White "So, Wesley"]
[Black "Rakhmanov, Aleksandr"]
[WhiteFideId "5202213"]
[BlackFideId "4173708"]
[WhiteElo "3102"]
[BlackElo "2868"]
[Result "1-0"]
[Round "5"]
[TimeControl "180+2"]
[Date "2023.06.27"]
[WhiteClock "0:00:19"]
[BlackClock "0:00:00"]
[Board "13"]

1. e4 c5 2. Nf3 Nf6 3. e5 Nd5 4. Nc3 Nxc3 5. dxc3 Nc6 6. Bf4 Qb6 7. Rb1 Qc7 8. Bg3 e6 9. Bd3 h6 10. O-O b6 11. Re1 Bb7 12. Nd2 d5 13. exd6 Bxd6 14. Bxd6 Qxd6 15. Nc4 Qe7 16. Be4 O-O 17. Qd6 Rab8 18. Rbd1 Qxd6 19. Rxd6 Rfd8 20. Rxc6 Bxc6 21. Bxc6 b5 22. Ne3 Rd2 23. Kf1 a6 24. Re2 Rxe2 25. Kxe2 f5 26. g3 Kf7 27. b4 c4 28. a4 g5 29. a5 Ke7 30. f4 Kd6 31. Bh1 Kc7 32. h3 gxf4 33. gxf4 Rg8 34. Kf2 Rd8 35. Bf3 Rg8 36. Bg2 Rd8 37. Bf3 Rg8 38. Nf1 Rg7 39. Nd2 Kd6 40. Bg2 e5 41. fxe5+ Kxe5 42. Nf3+ Kf4 43. Nd4 Rd7 44. Bc6 Re7 45. Bf3 Rd7 46. Ne6+ Ke5 47. Nd4 Kf4 48. h4 Re7 49. Bd5 Rd7 50. Be6 Rd6 51. Bxf5 Rf6 52. Bc8 Ke4+ 53. Ke2 Kd5 54. Bb7+ Ke5 55. Ke3 Rg6 56. Nf3+ Kd6 57. Bxa6 Rg2 58. Bxb5 Rxc2 59. Bxc4 Rxc3+ 60. Bd3 Rb3 61. b5 Kc5 62. a6 Ra3 63. h5 Kb6 64. Nd4 Ra4 65. Nf5 Ra1 66. Nxh6 Rh1 67. Be2 Rh3+ 68. Kd2 Rh2 69. Nf5 1-0


[Site "https://www.chess.com"]

[Event "Titled Tuesday Blitz June 27 Early 2023"]
[White "Bachmann, Axel"]
[Black "Theodorou, Nikolas"]
[WhiteFideId "3700488"]
[BlackFideId "4262875"]
[WhiteElo "2803"]
[BlackElo "3015"]
[Result "1/2-1/2"]
[Round "5"]
[TimeControl "180+2"]
[Date "2023.06.27"]
[WhiteClock "0:00:04"]
[BlackClock "0:00:02"]
[Board "14"]

1. e4 e5 2. Bc4 Nf6 3. d3 Bc5 4. Nc3 d6 5. Na4 Bb6 6. Nxb6 axb6 7. Ne2 Be6 8. Bxe6 fxe6 9. O-O O-O 10. f4 Nc6 11. fxe5 dxe5 12. h3 Qd6 13. Be3 b5 14. a3 Nd7 15. Nc3 Nd4 16. Qd2 c6 17. Ne2 c5 18. Rxf8+ Rxf8 19. Rf1 Ra8 20. Kh1 Rf8 21. Rxf8+ Qxf8 22. Kg1 b6 23. Nc3 b4 24. axb4 cxb4 25. Na2 b3 26. cxb3 Nxb3 27. Qc3 Ndc5 28. Qxe5 Qa8 29. Nb4 Qa4 30. Bd4 Qd7 31. Bc3 h6 32. Kh2 Kh7 33. Kh1 Na4 34. d4 Nxc3 35. bxc3 Nd2 36. d5 Qb5 37. Qf4 Qe2 38. dxe6 Qe1+ 39. Kh2 Nf1+ 40. Kg1 Ne3+ 41. Kh2 Nf1+ 42. Kg1 Ng3+ 43. Kh2 Nf1+ 1/2-1/2


[Site "https://www.chess.com"]

[Event "Titled Tuesday Blitz June 27 Early 2023"]
[White "Mardov, Dimitar"]
[Black "Tabatabaei, M. Amin"]
[WhiteFideId "30919495"]
[BlackFideId "12521213"]
[WhiteElo "2846"]
[BlackElo "2995"]
[Result "1/2-1/2"]
[Round "5"]
[TimeControl "180+2"]
[Date "2023.06.27"]
[WhiteClock "0:00:15"]
[BlackClock "0:00:14"]
[Board "15"]

1. d4 Nf6 2. c4 g6 3. Nc3 d5 4. cxd5 Nxd5 5. e4 Nxc3 6. bxc3 Bg7 7. Nf3 c5 8. h3 O-O 9. Be2 b6 10. Be3 Bb7 11. Qd3 e6 12. O-O Nd7 13. d5 c4 14. Qd2 exd5 15. exd5 Nf6 16. Bxc4 Rc8 17. Bb3 Ne4 18. Qd3 Nxc3 19. Rac1 Qd7 20. Bd4 Bxd4 21. Nxd4 Nxd5 22. Rcd1 Nf4 23. Qg3 Qc7 24. Kh2 Nxg2 25. Nb5 Qxg3+ 26. Kxg3 Rcd8 27. Nd6 Ba8 28. Nxf7 Rxd1 29. Rxd1 Kg7 30. Rd7 Kf6 31. Rxa7 g5 32. Nh6 Nf4 33. Ng4+ Kf5 34. Rxh7 Rc8 35. Rf7+ Ke4 36. Re7+ Kd4 37. Rd7+ Kc3 38. Ne5 Rh8 39. Kg4 Nxh3 40. Rd3+ Kb2 41. Rxh3 Re8 42. Nf3 Re4+ 43. Kg3 g4 44. Rh4 gxf3 45. Rxe4 Bxe4 46. Kf4 Bb7 47. Ke3 b5 48. Be6 b4 49. Bf7 Ka3 50. Kd2 Ba6 51. Kc2 Bc8 52. Kb1 Bf5+ 53. Kc1 Bd3 54. Bb3 Be4 55. Bc4 Bh7 56. Bb3 Bf5 57. Bd5 Bd7 58. Bxf3 Kxa2 59. Bd5+ Ka1 60. Bb3 Bf5 61. f4 Be4 62. Bc4 Bg6 63. Bb3 Bf5 64. Bc4 Bh7 65. Bb3 Bd3 66. Bd5 Bh7 67. Bb3 Bg6 68. Bd5 Bf5 69. Bb3 Be4 70. Be6 Bb1 71. Bb3 Ba2 72. Bd1 Be6 73. Bc2 Ka2 74. f5 Bf7 75. f6 Be6 76. Bd1 Bd5 77. Bc2 Bf7 78. Bd1 Bd5 79. Bc2 Bg8 80. Bd1 Bf7 81. Bc2 Bh5 82. Kd2 Kb2 83. Ba4 Bf7 84. Bd1 Bg6 85. Ba4 Bh5 86. Bc2 Be8 87. Bd1 Ka3 88. Bc2 Ka2 89. Bd1 Kb2 90. Bc2 Bf7 91. Ba4 Ka3 92. Bd1 Ka2 93. Bc2 Kb2 94. Ba4 Bd5 95. Bd1 Bc4 96. Bc2 Ka1 97. Ba4 Ka2 98. Bd1 Ka3 99. Bc2 Bf7 100. Bd1 Kb2 101. Bc2 b3 102. Bxb3 Kxb3 103. Ke3 Kc4 104. Ke4 Kc5 105. Kf5 Kc6 106. Kg5 Kd6 107. Kh6 Ke6 108. Kg7 Bh5 109. f7 Bxf7 1/2-1/2


[Site "https://www.chess.com"]

[Event "Titled Tuesday Blitz June 27 Early 2023"]
[White "Sowul, Bartosz"]
[Black "Shubin, Kirill"]
[WhiteFideId "1137590"]
[BlackFideId "34119962"]
[WhiteElo "2602"]
[BlackElo "2915"]
[Result "0-1"]
[Round "5"]
[TimeControl "180+2"]
[Date "2023.06.27"]
[WhiteClock "0:00:48"]
[BlackClock "0:01:55"]
[Board "16"]

1. e4 e6 2. d4 d5 3. Nc3 Bb4 4. e5 b6 5. Qg4 Bf8 6. a4 Ba6 7. Bxa6 Nxa6 8. Qe2 Nb4 9. a5 bxa5 10. Rxa5 c5 11. Qb5+ Qd7 12. Kd1 cxd4 13. Nce2 d3 14. Nd4 dxc2+ 15. Nxc2 Nxc2 16. Kxc2 Ne7 17. Qxd7+ Kxd7 18. Be3 Nc6 19. Ra4 Nxe5 20. Rxa7+ Rxa7 21. Bxa7 Bd6 22. Ne2 Rc8+ 23. Nc3 Nc6 24. Ra1 d4 0-1


[Site "https://www.chess.com"]

[Event "Titled Tuesday Blitz June 27 Early 2023"]
[White "Mamedov, Rauf"]
[Black "Atakhan, Abtin"]
[WhiteFideId "13401653"]
[BlackFideId "22502203"]
[WhiteElo "3070"]
[BlackElo "2742"]
[Result "1-0"]
[Round "5"]
[TimeControl "180+2"]
[Date "2023.06.27"]
[WhiteClock "0:02:50"]
[BlackClock "0:01:05"]
[Board "17"]

1. e4 c5 2. Nf3 d6 3. d4 cxd4 4. Nxd4 Nf6 5. Nc3 a6 6. Bg5 e6 7. f4 h6 8. Bxf6 Qxf6 9. Qd2 g5 10. f5 g4 11. O-O-O h5 12. Kb1 Bd7 13. fxe6 fxe6 14. Bc4 b5 15. Bb3 b4 16. Na4 a5 17. e5 dxe5 18. Nxe6 Bxe6 19. Rhf1 Qh6 1-0


[Site "https://www.chess.com"]

[Event "Titled Tuesday Blitz June 27 Early 2023"]
[White "Yuan, Qingyu"]
[Black "Oparin, Grigoriy"]
[WhiteFideId "8609772"]
[BlackFideId "24125890"]
[WhiteElo "2721"]
[BlackElo "3029"]
[Result "1/2-1/2"]
[Round "5"]
[TimeControl "180+2"]
[Date "2023.06.27"]
[WhiteClock "0:00:06"]
[BlackClock "0:00:05"]
[Board "18"]

1. e4 c6 2. d4 d5 3. exd5 cxd5 4. Bd3 Nf6 5. h3 Nc6 6. c3 Qc7 7. Nf3 g6 8. O-O Bf5 9. Re1 e6 10. Bb5 a6 11. Bxc6+ bxc6 12. Ne5 Bxb1 13. Rxb1 Bd6 14. Qa4 Bxe5 15. dxe5 Nd7 16. Bh6 Rg8 17. Qf4 f5 18. c4 Kf7 19. Rbc1 Qb7 20. Rc3 Rac8 21. Rec1 Qb8 22. Re1 Qb4 23. Re2 a5 24. Rb3 g5 25. Qf3 Qxc4 26. Qh5+ Rg6 27. Rb7 Qc1+ 28. Kh2 Rd8 29. h4 Qf4+ 30. g3 Qg4 31. Qxg4 fxg4 32. Bxg5 Rxg5 33. hxg5 Kg6 34. Rc7 c5 35. b3 Kxg5 36. Kg2 Kf5 37. Re1 Nxe5 38. Rxh7 Nf3 39. Rh5+ Kg6 40. Reh1 Re8 41. Rh8 Rxh8 42. Rxh8 Kf5 43. Kf1 Ke4 44. Ke2 Nd4+ 45. Kd2 Nf3+ 46. Ke2 Nd4+ 47. Kd2 Nf3+ 48. Ke2 1/2-1/2


[Site "https://www.chess.com"]

[Event "Titled Tuesday Blitz June 27 Early 2023"]
[White "Sarana, Alexey"]
[Black "Zhu, Jiner"]
[WhiteFideId "24133795"]
[BlackFideId "8608059"]
[WhiteElo "3017"]
[BlackElo "2721"]
[Result "1-0"]
[Round "5"]
[TimeControl "180+2"]
[Date "2023.06.27"]
[WhiteClock "0:02:00"]
[BlackClock "0:00:27"]
[Board "19"]

1. d4 Nf6 2. c4 e6 3. Nc3 Bb4 4. e3 O-O 5. Bd3 d5 6. a3 Bxc3+ 7. bxc3 dxc4 8. Bxc4 c5 9. Ne2 Qc7 10. Qd3 Nc6 11. e4 cxd4 12. cxd4 Rd8 13. Ba2 Nxd4 14. Nxd4 e5 15. Qc2 Qxc2 16. Nxc2 Nxe4 17. Ne3 Nc3 18. Bb3 Nb5 19. Bb2 Nd4 20. Bd1 b6 21. O-O Ba6 22. Re1 Rac8 23. a4 f6 24. a5 b5 25. Bxd4 Rxd4 26. Nf5 Rd7 27. Bb3+ 1-0


[Site "https://www.chess.com"]

[Event "Titled Tuesday Blitz June 27 Early 2023"]
[White "Matinian, Nikita"]
[Black "Terry, Renato"]
[WhiteFideId "24129100"]
[BlackFideId "3803457"]
[WhiteElo "2720"]
[BlackElo "2995"]
[Result "0-1"]
[Round "5"]
[TimeControl "180+2"]
[Date "2023.06.27"]
[WhiteClock "0:00:00"]
[BlackClock "0:00:07"]
[Board "20"]

1. e4 c6 2. d4 d5 3. e5 c5 4. Nf3 cxd4 5. Qxd4 Nc6 6. Qf4 e6 7. Bd3 Nb4 8. O-O Nxd3 9. cxd3 Ne7 10. h4 Nf5 11. h5 h6 12. Nc3 Be7 13. Nb5 O-O 14. g4 Nh4 15. Nxh4 Bxh4 16. Be3 f5 17. exf6 Rxf6 18. Qd6 Bd7 19. Nc7 Rc8 20. Rac1 Kh7 21. Bd4 e5 22. Qxe5 Bxg4 23. Nxd5 Rf7 24. Qe4+ Bf5 25. Rxc8 Qg5+ 26. Qg2 Bxc8 27. Qxg5 Bxg5 28. f4 Bd8 29. Be5 Bg4 30. Rc1 Rd7 31. Ne3 Bxh5 32. d4 Bb6 33. Rc4 Bf7 34. Rb4 Bxa2 35. Kf2 Be6 36. Kf3 g6 37. Ke4 Bh3 38. Rc4 Rd8 39. b4 Kg8 40. Kf3 Be6 41. d5 Bf7 42. Ke4 Bxe3 43. Kxe3 Bxd5 44. Rc7 Kf8 45. Rh7 Bf7 46. Rxh6 Ke7 47. Rh7 Rg8 48. Rg7 Re8 49. Rh7 Ke6 50. Rh1 Rc8 51. Rd1 Rc6 52. Rd8 Ke7 53. Rb8 Rb6 54. Bd4 Rb5 55. Bc5+ Kd7 56. Bxa7 Rxb4 57. Bd4 Be6 58. Ke4 Bf5+ 59. Ke5 Rb5+ 60. Kf6 Kc6 61. Be5 Kd5 62. Rd8+ Ke4 63. Rd4+ Ke3 64. Rd1 Rb3 65. Re1+ Kf3 66. Rg1 b5 67. Kg5 b4 68. Rc1 Ke4 69. Rc6 Kd5 70. Rd6+ Kc5 71. Rd8 Rb1 72. Rb8 b3 73. Kf6 Kc4 74. Kg5 Bc2 75. Kf6 Kd5 76. Kg5 Ke6 77. Rb6+ Kd7 78. Kf6 Rf1 79. Rb8 Kc6 80. Kg5 Rg1+ 81. Kf6 Rg4 82. Rc8+ Kd5 83. Rb8 Ke4 84. Rb4+ Kd3 85. Rb8 Ke2 86. Rb6 Rg1 87. Rb8 Kf3 88. Rb6 Rh1 89. Rb4 Rh7 90. Rb6 Rh5 91. Rb4 Rf5+ 92. Kg7 g5 0-1


[Site "https://www.chess.com"]

[Event "Titled Tuesday Blitz June 27 Early 2023"]
[White "Martinez Alcantara, Jose Eduardo"]
[Black "Darini, Pouria"]
[WhiteFideId "3805662"]
[BlackFideId "12502200"]
[WhiteElo "2989"]
[BlackElo "2713"]
[Result "1-0"]
[Round "5"]
[TimeControl "180+2"]
[Date "2023.06.27"]
[WhiteClock "0:00:23"]
[BlackClock "0:00:01"]
[Board "21"]

1. e4 c5 2. Nf3 Nc6 3. c3 d5 4. exd5 Qxd5 5. d4 Nf6 6. Be3 cxd4 7. cxd4 e6 8. Nc3 Qd6 9. a3 Be7 10. Bc4 O-O 11. O-O Rd8 12. Qe2 b6 13. Rad1 Bb7 14. Rfe1 Na5 15. Ba2 Rac8 16. Ne5 Nd5 17. Qh5 g6 18. Qf3 f6 19. Ne4 Nxe3 20. Nxd6 Bxf3 21. Nxc8 fxe5 22. Nxe7+ Kf7 23. Rd3 Kxe7 24. Rdxe3 Bg4 25. Rxe5 Nc6 26. R5e4 Bf5 27. Rh4 Nxd4 28. Rxh7+ Kf6 29. h3 Nc2 30. Rc1 Rd2 31. Bc4 Nd4 32. b4 a5 33. bxa5 bxa5 34. Ra7 Rb2 35. Rxa5 g5 36. Bf1 Be4 37. Ra4 e5 38. Rb4 Ra2 39. a4 Bd5 40. Bc4 Be4 41. Bxa2 Ne2+ 42. Kh2 Nxc1 43. Bc4 Bf5 44. a5 1-0


[Site "https://www.chess.com"]

[Event "Titled Tuesday Blitz June 27 Early 2023"]
[White "Sjugirov, Sanan"]
[Black "Hambleton, Aman"]
[WhiteFideId "4189302"]
[BlackFideId "2606577"]
[WhiteElo "2967"]
[BlackElo "2707"]
[Result "1-0"]
[Round "5"]
[TimeControl "180+2"]
[Date "2023.06.27"]
[WhiteClock "0:01:50"]
[BlackClock "0:00:00"]
[Board "22"]

1. d4 Nf6 2. c4 e6 3. Nc3 Bb4 4. e3 O-O 5. Ne2 Re8 6. Ng3 d5 7. Be2 dxc4 8. Bxc4 c5 9. O-O cxd4 10. exd4 Nc6 11. Be3 Ne7 12. a3 Bd6 13. Bg5 Ng6 14. Bb5 Rf8 15. Bd3 h6 16. Bxf6 Qxf6 17. Nce4 Qxd4 18. Nxd6 Qxd6 19. Bxg6 Qxd1 20. Bxf7+ Kxf7 21. Raxd1 Ke7 22. Rc1 Bd7 23. Rc7 Rab8 24. Rd1 Rfd8 25. Ne4 Ke8 26. Nd6+ Ke7 27. Nxb7 1-0


[Site "https://www.chess.com"]